 Dungeon Crawl Stone Soup version 0.29.0-11-gd7f09526c8 (webtiles) character file.

Game seed: 13900596819083189100

1421 themarg the Trooper (level 8, 0/67 HPs)
             Began as a Gnoll Wanderer on Sept 2, 2022.
             Was an Initiate of Hepliaklqana.
             Slain by a gnoll
             ... wielding a +3 vorpal spear
              (2 damage)
             ... on level 4 of the Dungeon.
             The game lasted 00:17:51 (5435 turns).

themarg the Trooper (Gnoll Wanderer)                Turns: 5435, Time: 00:17:52

Health: 0/67       AC:  4    Str: 10    XL:     8   Next: 72%
Magic:  15/15      EV: 14    Int:  7    God:    Hepliaklqana [......]
Gold:   233        SH:  0    Dex: 20    Spells: 16/16 levels left

rFire   . . .      SeeInvis .   v - +1 dagger (drain)
rCold   . . .      Faith    .   (no shield)
rNeg    . . .      Spirit   .   f - +0 leather armour
rPois   .          Reflect  .   d - +0 helmet
rElec   .          Harm     .   (no cloak)
rCorr   .          Rampage  .   (no gloves)
Will    .....                   (no boots)
Stlth   +++.......              (no amulet)
HPRegen 0.21/turn               (no ring)
MPRegen 0.14/turn               (no ring)

@: invisible
A: fangs 1, strong nose, distributed training
a: Renounce Religion


You were on level 4 of the Dungeon.
You worshipped Hepliaklqana.
Hepliaklqana was noncommittal.
You visited 2 branches of the dungeon, and saw 5 of its levels.

You collected 233 gold pieces.

Inventory:

Hand Weapons
 a - a +2 dagger
 r - a +7 scythe of protection
 v - a +1 dagger of draining (weapon)
Missiles
 b - 2 curare-tipped darts
 q - 8 poisoned darts (quivered)
 C - 2 throwing nets
Armour
 d - a +0 helmet (worn)
 f - a +0 leather armour (worn)
 u - the +4 robe "Iclomirr" {rF+ rN++}
   (You found it on level 3 of the Dungeon)

   rF:        It protects you from fire.
   rN:        It greatly protects you from negative energy.
Wands
 m - a wand of flame (18)
 A - a wand of polymorph (8)
 B - a wand of charming (7)
Scrolls
 e - 2 scrolls of fear
 g - 5 scrolls of identify {unknown}
 h - a scroll of enchant armour {unknown}
 j - 3 scrolls of teleportation {unknown}
 k - 2 scrolls of noise {unknown}
 n - a scroll of magic mapping {unknown}
 t - a scroll of amnesia {unknown}
 y - a scroll of acquirement {unknown}
Potions
 c - a potion of degeneration {unknown}
 i - a potion of brilliance {unknown}
 l - a potion of invisibility
 o - a potion of might {unknown}
 p - a potion of mutation {unknown}
 s - a potion of lignification {unknown}
 w - 2 potions of curing
 x - 2 potions of haste {unknown}
 z - a potion of ambrosia


   Skills:
 + Level 7.5 Fighting
 + Level 3.6 Short Blades
 + Level 3.6 Long Blades
 + Level 3.6 Axes
 + Level 3.6 Maces & Flails
 + Level 3.6 Polearms
 + Level 4.5 Staves
 + Level 3.6 Ranged Weapons
 + Level 5.9 Throwing
 + Level 3.6 Armour
 + Level 4.5 Dodging
 + Level 4.4 Stealth
 + Level 3.6 Shields
 + Level 3.6 Unarmed Combat
 + Level 4.6 Spellcasting
 + Level 3.0 Conjurations
 + Level 3.0 Hexes
 + Level 3.0 Summonings
 + Level 3.0 Necromancy
 + Level 3.0 Translocations
 + Level 3.0 Transmutations
 + Level 3.0 Fire Magic
 + Level 3.0 Ice Magic
 + Level 3.0 Air Magic
 + Level 3.0 Earth Magic
 + Level 3.0 Poison Magic
 + Level 4.8 Invocations
 + Level 3.6 Evocations


You had 16 spell levels left.
You didn't know any spells.
Your spell library contained the following spells:

 Spells                   Type           Power      Damage    Failure   Level
 Tukima's Dance           Hex            5%         N/A       32%         3
 Airstrike                Air            2%         2d(1-17)  73%         4
 Passage of Golubria      Tloc           5%         N/A       73%         4
 Summon Lightning Spire   Summ/Air       5%         N/A       73%         4
 Lightning Bolt           Conj/Air       2%         1d14      97%         5
 Yara's Violent Unravell  Hex/Tmut       2%         3d3       97%         5


Dungeon Overview and Level Annotations

Branches:
Dungeon (4/15)             Temple (1/1) D:4

Altars:
Ashenzari
Dithmenos
Elyvilon
Fedhas
Gozag
Hepliaklqana
Kikubaaqudgha
Qazlal
Ru
Sif Muna
Vehumet
Wu Jian
Xom
Yredelemnul


Innate Abilities, Weirdness & Mutations

You have very sharp teeth.
Your uncanny sense of smell can sniff out nearby items.
Your experience applies equally to all skills.


Message History

Items here: ! )) ††.
You hit the gnoll.
The gnoll is lightly wounded.
The orc hits you with a +0 club. The gnoll closely misses you.
You hit the gnoll.
The gnoll is heavily wounded.
The orc closely misses you.
You hit the gnoll sergeant.
The gnoll sergeant is lightly wounded.
The orc barely misses you.
You hit the gnoll sergeant but do no damage.
You drain the gnoll sergeant.
You bite the gnoll sergeant, but do no damage.
The gnoll sergeant is lightly wounded.
The gnoll sergeant hits you with a +6 spear of freezing!
The gnoll sergeant freezes you.
* * * LOW HITPOINT WARNING * * *
The orc barely misses you.
It was a potion of curing.
You feel better. The gnoll sergeant barely misses you.
The orc hits you with a +0 club.
It was a potion of invisibility.
You fade into invisibility!
The gnoll sergeant hits you with a +6 spear of freezing!
The gnoll sergeant freezes you.
* * * LOW HITPOINT WARNING * * *
The orc hits you with a +0 club.
* * * LOW HITPOINT WARNING * * *
You strike the helpless gnoll sergeant from behind!
You impale the gnoll sergeant!!
You bite the gnoll sergeant, but do no damage.
The gnoll sergeant is almost dead.
The gnoll sergeant misses you.
The gnoll hits you from afar with a +3 vorpal spear!
* * * LOW HITPOINT WARNING * * *
x2 You hit the gnoll sergeant but do no damage.
You drain the gnoll sergeant.
You kill the gnoll sergeant!
The gnoll hits you from afar with a +3 vorpal spear!
* * * LOW HITPOINT WARNING * * *
You die...

#...P~≈#...#############''''#
#....~≈###'#........ #)...#
#....≈≈~.#........# #†...#
#....≈≈~.# .....# #....#
#)...~≈~.# ####''#######.)).#
#.P..~≈~.# #.#)))......#)†..#
#....~~~.# #.g.........')...'
#....~≈~.# #o#o........'....'
#....~≈~.# #@#.........#8..8#
#....~≈~.#.##################
#....~~###'# ∆
#....~≈#...##################
#....~≈#...#.................
#....~≈#####~~~~~~≈~~≈≈~~~≈~~
#....~≈≈≈≈≈≈≈≈≈~≈≈~≈≈≈≈≈≈~≈≈~
#....~~~~~~~~~~~~~~~~~~~~~~~~
#..............P.............


You could see a gnoll (unable to see you) and 2 orcs.

Vanquished Creatures
  Pikel (D:4)
  Sigmund (D:2)
  An ogre (D:4)
  Blork the orc (D:4)
  A gnoll sergeant (D:4)
  2 howler monkeys (D:4)
  6 hounds (D:4)
  Jessica (D:2)
  Ijyb (D:3)
  2 orc wizards
  Robin (D:3)
  4 adders
  13 gnolls (D:4)
  A worm (D:4)
  2 dart slugs
  23 orcs
  2 bats (D:2)
  3 endoplasms
  6 giant cockroaches
  14 goblins
  8 hobgoblins
  15 jackals
  5 kobolds (D:2)
  2 quokkas (D:3)
  4 ball pythons
  3 frilled lizards
  5 rats
128 creatures vanquished.

Vanquished Creatures (others)
  4 fungi (D:3)
  3 plants
7 creatures vanquished.

Grand Total: 135 creatures vanquished

Notes
Turn   | Place    | Note
-------+----------+-------------------------------------------
     0 | D:1      | themarg the Gnoll Wanderer began the quest for the Orb.
     0 | D:1      | themarg set off with the following items: a +2 dagger, 4
                  | curare-tipped darts, a +0 quarterstaff, a +0 helmet, a
                  | scroll of fear, a +0 leather armour.
     0 | D:1      | Reached XP level 1. HP: 23/23 MP: 4/4
   210 | D:1      | Reached XP level 2. HP: 14/29 MP: 5/5
   442 | D:1      | Found a faded altar of an unknown god.
   916 | D:2      | Reached XP level 3. HP: 21/35 MP: 7/7
  1462 | D:2      | Reached skill level 1 in Short Blades
  1462 | D:2      | Reached skill level 1 in Long Blades
  1462 | D:2      | Reached skill level 1 in Axes
  1462 | D:2      | Reached skill level 1 in Maces & Flails
  1462 | D:2      | Reached skill level 1 in Polearms
  1462 | D:2      | Reached skill level 1 in Ranged Weapons
  1462 | D:2      | Reached skill level 1 in Armour
  1462 | D:2      | Reached skill level 1 in Shields
  1462 | D:2      | Reached skill level 1 in Unarmed Combat
  1462 | D:2      | Reached skill level 1 in Evocations
  1586 | D:2      | Noticed Jessica
  1592 | D:2      | Killed Jessica
  1593 | D:2      | Reached XP level 4. HP: 41/41 MP: 8/8
  1647 | D:2      | Noticed Sigmund
  1775 | D:2      | Reached skill level 1 in Conjurations
  1775 | D:2      | Reached skill level 1 in Hexes
  1775 | D:2      | Reached skill level 1 in Summonings
  1775 | D:2      | Reached skill level 1 in Necromancy
  1775 | D:2      | Reached skill level 1 in Translocations
  1775 | D:2      | Reached skill level 1 in Transmutations
  1775 | D:2      | Reached skill level 1 in Fire Magic
  1775 | D:2      | Reached skill level 1 in Ice Magic
  1775 | D:2      | Reached skill level 1 in Air Magic
  1775 | D:2      | Reached skill level 1 in Earth Magic
  1775 | D:2      | Reached skill level 1 in Poison Magic
  2140 | D:2      | Killed Sigmund
  2141 | D:2      | Reached XP level 5. HP: 47/47 MP: 8/10
  2141 | D:2      | Reached XP level 6. HP: 53/53 MP: 8/11
  2276 | D:3      | Identified the +4 robe "Iclomirr" {rF+ rN++}
  2370 | D:3      | Reached skill level 5 in Throwing
  2434 | D:3      | Noticed Robin
  2487 | D:3      | Killed Robin
  2617 | D:3      | Found a stormy altar of Qazlal.
  2623 | D:3      | Found a blossoming altar of Fedhas.
  2912 | D:3      | Noticed Ijyb
  2924 | D:3      | Killed Ijyb
  3154 | D:4      | Found a staircase to the Ecumenical Temple.
  3159 | D:4      | Found a sacrificial altar of Ru.
  3161 | Temple   | Entered the Ecumenical Temple
  3347 | Temple   | Became a worshipper of Hepliaklqana the Forgotten
  3379 | D:4      | Reached skill level 7 in Fighting
  3379 | D:4      | Reached XP level 7. HP: 37/60 MP: 12/12
  3865 | D:4      | Noticed Blork the orc
  3885 | D:4      | Killed Blork the orc
  4490 | D:4      | Noticed Pikel
  4515 | D:4      | Killed Pikel
  4516 | D:4      | Reached XP level 8. HP: 67/67 MP: 14/14
  5435 | D:4      | HP: 2/67 [gnoll/+3 vorpal spear (9)]
  5435 | D:4      | Slain by a gnoll

Illustrated notes

Levels and vault maps discovered:
D:1:      wander_arrival_lonely_grave, layout_basic,
          ebering_ecumenical_altar_ruins
D:2:      layout_basic, hangedman_decor_peaks_small, kennysheep_minor_cross,
          minmay_pentomino_o4, uniq_sigmund, uniq_crazy_yiuf_cottage,
          uniq_jessica
D:3:      layout_loops_ring, grunt_temple_overflow_forces_of_nature, uniq_ijyb,
          uniq_robin
D:4:      lemuel_castle_with_subvaults [lemuel_castle_interior_carwin_2],
          layout_cave_pools, cheibrodos_worm_habitat,
          mainiacjoe_overflow_chevrons, temple_fountains, uniq_pikel,
          uniq_blork_the_orc
Temple:   bh_familiar_temple

Skill      XL: |  1  2  3  4  5  6  7  8 |
---------------+-------------------------+-----
Short Blades   | 1 2 3 |  3.6
Long Blades    | 1 2 3 |  3.6
Axes           | 1 2 3 |  3.6
Maces & Flails | 1 2 3 |  3.6
Polearms       | 1 2 3 |  3.6
Ranged Weapons | 1 2 3 |  3.6
Armour         | 1 2 3 |  3.6
Shields        | 1 2 3 |  3.6
Unarmed Combat | 1 2 3 |  3.6
Evocations     | 1 2 3 |  3.6
Spellcasting   | 3 4 |  4.6
Conjurations   | 1 2 3 |  3.0
Hexes          | 1 2 3 |  3.0
Summonings     | 1 2 3 |  3.0
Necromancy     | 1 2 3 |  3.0
Translocations | 1 2 3 |  3.0
Transmutations | 1 2 3 |  3.0
Fire Magic     | 1 2 3 |  3.0
Ice Magic      | 1 2 3 |  3.0
Air Magic      | 1 2 3 |  3.0
Earth Magic    | 1 2 3 |  3.0
Poison Magic   | 1 2 3 |  3.0
Staves         | 3 4 |  4.5
Dodging        | 3 4 |  4.5
Stealth        | 3 4 |  4.4
Invocations    | 3 4 |  4.8
Throwing       | 5 |  5.9
Fighting       | 7 |  7.5

Action                   |  1- 3 |  4- 6 |  7- 9 || total
-------------------------+-------+-------+-------++-------
Melee: Dagger            |    94 |   115 |   248 ||   457
       Bite              |     9 |    17 |    32 ||    58
       Punch             |       |     2 |     9 ||    11
Throw: Dart              |       |    14 |    17 ||    31
  Use: Potion            |       |       |     2 ||     2
 Stab: Sleeping          |     5 |     6 |       ||    11
       Distracted        |       |       |     1 ||     1
       Invisible         |       |       |     1 ||     1
Armor: Leather armour    |    33 |    23 |    52 ||   108
       Skin              |       |     1 |       ||     1
Dodge: Dodged            |    60 |    66 |   175 ||   301
